Pittsburgh Penguins vs St.Louis Blues
(R1)
Created - Friday, April 11, 2025 at 08:55
Goals
|
| Pittsburgh Penguins |
1 |
1 |
1 |
3 |
| St.Louis Blues |
1 |
2 |
1 |
4 |
|
Shots
|
| Pittsburgh Penguins |
7 |
12 |
17 |
36 |
| St.Louis Blues |
17 |
12 |
6 |
35 |
|
1st period
1. Pittsburgh Penguins , Pavel Buchnevich 18 (Leon Draisaitl 42, Erik Karlsson 17) at 2:19
2. St.Louis Blues , Dakota Joshua 3 (Mark Stone 16, Jake Sanderson 7) at 13:51
Penalties :
Leon Draisaitl (PIT) for Tripping (Minor) at 0:15, Jake Guentzel (STL) for Holding (Minor) at 17:04
2nd period
3. Pittsburgh Penguins , Gabriel Vilardi 9 (Jake Neighbours 8, James van Riemsdyk 10) at 4:23
4. St.Louis Blues , Elias Lindholm 15 (Mark Stone 17, Alex Tuch 17) at 6:10
5. St.Louis Blues , Mark Stone 12 (Elias Lindholm 14, Elias Pettersson 21) at 12:00 (PP)
Penalties :
Erik Gudbranson (PIT) for Slashing (Minor) at 11:00
3rd period
6. Pittsburgh Penguins , Erik Karlsson 4 (Dylan Guenther 17, Mattias Ekholm 13) at 4:38
7. St.Louis Blues , Elias Lindholm 16 (Mark Stone 18, Colton Parayko 9) at 12:40
Penalties :
Alex Pietrangelo (STL) for Slashing (Minor) at 1:52, Mattias Ekholm (PIT) for Interference (Minor) at 7:20, Jake Guentzel (STL) for High sticking (Minor) at 14:58
Goalie Stats
Jordan Binnington (PIT), 31 saves from 35 shots - (0.886), L, 22-20-3, 58:44 minutes
Connor Hellebuyck (STL), 33 saves from 36 shots - (0.917), W, 22-10-6, 60:00 minutes
Players Stats for Pittsburgh Penguins
Player Name G A P +/- PIM S H SB GA TA FO MP PP MP PK MP
------------------------------------------------------------------------------------
Adam Gaudette 0 0 0 1 0 3 2 0 0 2 3/10 13:50 0:00 0:59
Blake Coleman 0 0 0 0 0 1 2 0 0 1 0/0 16:40 2:50 0:00
Brock Faber 0 0 0 -1 0 0 0 1 0 0 0/0 22:02 2:25 2:34
Carson Soucy 0 0 0 0 0 0 1 2 0 0 0/0 14:18 0:00 0:00
Dylan Guenther 0 1 1 1 0 6 1 0 0 0 1/1 12:51 0:00 0:00
Erik Gudbranson 0 0 0 -1 2 2 1 2 0 1 0/0 21:50 2:25 2:23
Erik Karlsson 1 1 2 1 0 3 2 0 0 1 0/0 24:10 3:32 2:54
Gabriel Vilardi 1 0 1 -1 0 2 1 1 0 0 1/3 7:33 0:00 0:00
Jake Neighbours 0 1 1 -1 0 0 1 1 0 0 0/0 7:33 0:00 0:00
James van Riemsdyk 0 1 1 -1 0 0 0 0 0 0 0/1 7:33 0:00 0:00
Jordan Eberle 0 0 0 1 0 2 0 0 0 0 0/0 12:51 0:00 0:00
Leon Draisaitl 0 1 1 0 2 4 2 0 0 0 21/32 19:24 3:07 1:35
Mark Giordano 0 0 0 0 0 2 0 2 0 1 0/0 14:33 0:00 0:15
Mattias Ekholm 0 1 1 1 2 0 3 1 0 0 0/0 23:13 3:32 1:50
Mitchell Marner 0 0 0 1 0 2 3 1 1 1 1/4 19:17 2:50 2:24
Pavel Buchnevich 1 0 1 0 0 3 4 0 2 0 2/2 20:22 3:07 2:24
Phillip Danault 0 0 0 0 0 0 0 0 1 0 4/13 16:40 2:50 0:00
Sam Reinhart 0 0 0 -1 0 6 1 0 0 0 1/2 20:19 3:07 2:34
Players Stats for St.Louis Blues
Player Name G A P +/- PIM S H SB GA TA FO MP PP MP PK MP
------------------------------------------------------------------------------------
Alex Pietrangelo 0 0 0 0 2 2 2 1 0 0 0/0 20:34 0:00 0:00
Alex Tuch 0 1 1 1 0 1 1 3 0 0 1/2 15:17 1:10 3:01
Brandon Hagel 0 0 0 -1 0 0 2 0 0 0 0/1 16:41 2:22 0:00
Brayden Point 0 0 0 -2 0 3 1 0 1 0 0/0 17:07 2:36 0:00
Colton Parayko 0 1 1 0 0 0 1 0 0 0 0/0 24:46 0:00 2:51
Dakota Joshua 1 0 1 1 0 5 1 1 0 0 0/0 4:46 0:00 0:00
Elias Lindholm 2 1 3 1 0 5 0 2 2 0 6/11 16:59 2:22 3:01
Elias Pettersson 0 1 1 -1 0 4 0 0 1 0 2/2 22:33 3:48 0:06
Jaccob Slavin 0 0 0 0 0 0 0 2 0 2 0/0 20:10 0:00 3:06
Jack Eichel 0 0 0 -1 0 4 1 1 0 0 12/25 22:27 3:48 0:00
Jake Guentzel 0 0 0 -1 4 5 3 0 1 0 0/2 20:58 2:36 0:00
Jake Sanderson 0 1 1 0 0 0 0 0 0 1 0/0 21:15 0:00 2:51
Lars Eller 0 0 0 1 0 0 0 2 0 1 2/4 7:51 0:00 2:50
Logan O'Connor 0 0 0 1 0 0 0 0 0 0 0/2 8:21 0:00 2:50
Mark Stone 1 3 4 1 0 2 0 0 1 0 0/0 13:24 2:22 0:00
Mikhail Sergachev 0 0 0 1 0 0 0 0 0 0 0/0 10:34 1:10 0:00
Nick Leddy 0 0 0 1 0 1 0 1 0 0 0/0 12:34 0:00 3:06
Robert Thomas 0 0 0 -2 0 3 1 0 1 0 11/19 17:43 2:36 0:06
3 Stars
1 - Elias Lindholm (STL)
2 - Mark Stone (STL)
3 - Erik Karlsson (PIT)
Power Play
Pittsburgh Penguins - 0 on 3 Attempt(s) - 0.00%
St.Louis Blues - 1 on 3 Attempt(s) - 33.33%
Penalty Kill
Pittsburgh Penguins - 2 on 3 Attempt(s) - 66.67%
- Score 0 goal in Penalty Kill
St.Louis Blues - 3 on 3 Attempt(s) - 100.00%
- Score 0 goal in Penalty Kill
Team Stat
Pittsburgh Penguins - Hits : 24 - Faceoff Wins : 34 - Blocked Shots : 11 - Penalty Minutes : 6
St.Louis Blues - Hits : 13 - Faceoff Wins : 34 - Blocked Shots : 13 - Penalty Minutes : 6
Official
Referees : Mitch Dunning and Pierre Lambert
Linesman : Kilian McNamara and Jesse Marquis
Game Notes
No Game Note
Finance
Level 1 -- Attendance: 5628 (93.80%) -- Ticket Income $534,660
Level 2 -- Attendance: 5000 (100.00%) -- Ticket Income $285,000
Level 3 -- Attendance: 3000 (100.00%) -- Ticket Income $99,000
Level 4 -- Attendance: 4848 (96.96%) -- Ticket Income $111,504
Luxury Box -- Attendance: 1000 (100.00%) -- Ticket Income $194,000
Game was played at the Scottrade Center.
Total Attendance: 19476 (97.38%)
Total Ticket Income: $1,224,164
Other Income: $428,457
Total Income: $1,652,621
Pittsburgh Penguins
5 vs 5 Forward
Center Left Wing Right Wing Time % Phy DF OF
1 Leon Draisaitl Pavel Buchnevich Sam Reinhart 30 1 2 2
2 Phillip Danault Blake Coleman Mitchell Marner 30 1 2 2
3 Adam Gaudette Dylan Guenther Jordan Eberle 25 1 2 2
4 Gabriel Vilardi Jake Neighbours James van Riemsdyk 15 1 2 2
5 vs 5 Defense
Defense Defense Time % Phy DF OF
1 Mattias Ekholm Erik Karlsson 35 1 2 2
2 Erik Gudbranson Brock Faber 35 1 2 2
3 Mark Giordano Carson Soucy 30 1 2 2
4 Mattias Ekholm Erik Karlsson 0 1 2 2
PowerPlay Forward
Center Left Wing Right Wing Time % Phy DF OF
1 Leon Draisaitl Pavel Buchnevich Sam Reinhart 50 1 2 2
2 Phillip Danault Blake Coleman Mitchell Marner 50 1 2 2
PowerPlay Defense
Defense Defense Time % Phy DF OF
1 Mattias Ekholm Erik Karlsson 50 1 2 2
2 Erik Gudbranson Brock Faber 50 1 2 2
Penalty Kill 4 Players Forward
Center Wing Time % Phy DF OF
1 Leon Draisaitl Sam Reinhart 50 1 2 2
2 Mitchell Marner Pavel Buchnevich 50 1 2 2
Penalty Kill 4 Players Defense
Defense Defense Time % Phy DF OF
1 Mattias Ekholm Erik Karlsson 50 1 2 2
2 Erik Gudbranson Brock Faber 50 1 2 2
Penalty Kill - 3 Players Forward
Forward Time % Phy DF OF
1 Leon Draisaitl 50 1 2 2
2 Sam Reinhart 50 1 2 2
Penalty Kill - 3 Players Defense
Defense Defense Time % Phy DF OF
1 Mattias Ekholm Erik Karlsson 50 1 2 2
2 Erik Gudbranson Brock Faber 50 1 2 2
4 vs 4 Forward
Center Wing Time % Phy DF OF
1 Leon Draisaitl Sam Reinhart 50 1 2 2
2 Mitchell Marner Pavel Buchnevich 50 1 2 2
4 vs 4 Defense
Defense Defense Time % Phy DF OF
1 Mattias Ekholm Erik Karlsson 50 1 2 2
2 Erik Gudbranson Brock Faber 50 1 2 2
Last Minutes Offensive
Center Left Wing Right Wing Defense Defense
Leon Draisaitl Pavel Buchnevich Sam Reinhart Mattias Ekholm Erik Karlsson
Last Minutes Defensive
Center Left Wing Right Wing Defense Defense
Leon Draisaitl Pavel Buchnevich Sam Reinhart Mattias Ekholm Erik Karlsson
Goaltenders
Starting : Jordan Binnington
Backup : Marc-Andre Fleury
Extra Forwards
Normal : Jake Neighbours, Jordan Eberle, Sam Reinhart - PP : Jake Neighbours, Jordan Eberle - PK : Leon Draisaitl
Extra Defensemen
Normal : Mark Giordano, Mattias Ekholm, Erik Gudbranson - PP : Mark Giordano - PK : Erik Karlsson, Erik Gudbranson
Penalty Shots
Leon Draisaitl, Sam Reinhart, Mitchell Marner, Pavel Buchnevich, Blake Coleman
Scratches
Jean-Gabriel Pageau (Healthy), Brian Dumoulin (Healthy)
St.Louis Blues
5 vs 5 Forward
Center Left Wing Right Wing Time % Phy DF OF
1 Jack Eichel Elias Pettersson Jake Guentzel 40 0 2 3
2 Robert Thomas Brandon Hagel Brayden Point 31 0 2 3
3 Elias Lindholm Alex Tuch Mark Stone 22 0 3 2
4 Lars Eller Dakota Joshua Logan O'Connor 7 1 2 2
5 vs 5 Defense
Defense Defense Time % Phy DF OF
1 Colton Parayko Alex Pietrangelo 45 1 2 2
2 Jake Sanderson Jaccob Slavin 35 1 2 2
3 Mikhail Sergachev Nick Leddy 20 1 2 2
4 Colton Parayko Alex Pietrangelo 0 1 2 2
PowerPlay Forward
Center Left Wing Right Wing Time % Phy DF OF
1 Robert Thomas Brayden Point Jake Guentzel 60 1 0 4
2 Elias Lindholm Brandon Hagel Mark Stone 40 1 0 4
PowerPlay Defense
Defense Defense Time % Phy DF OF
1 Jack Eichel Elias Pettersson 60 0 1 4
2 Alex Tuch Mikhail Sergachev 40 0 1 4
Penalty Kill 4 Players Forward
Center Wing Time % Phy DF OF
1 Lars Eller Logan O'Connor 50 1 4 0
2 Elias Lindholm Alex Tuch 50 1 4 0
Penalty Kill 4 Players Defense
Defense Defense Time % Phy DF OF
1 Jake Sanderson Colton Parayko 50 1 4 0
2 Jaccob Slavin Nick Leddy 50 1 4 0
Penalty Kill - 3 Players Forward
Forward Time % Phy DF OF
1 Elias Lindholm 50 0 5 0
2 Lars Eller 50 0 5 0
Penalty Kill - 3 Players Defense
Defense Defense Time % Phy DF OF
1 Jake Sanderson Colton Parayko 50 0 5 0
2 Nick Leddy Alex Pietrangelo 50 0 5 0
4 vs 4 Forward
Center Wing Time % Phy DF OF
1 Jack Eichel Jake Guentzel 50 0 2 3
2 Robert Thomas Brayden Point 50 0 2 3
4 vs 4 Defense
Defense Defense Time % Phy DF OF
1 Jake Sanderson Alex Pietrangelo 50 0 3 2
2 Colton Parayko Mikhail Sergachev 50 0 3 2
Last Minutes Offensive
Center Left Wing Right Wing Defense Defense
Robert Thomas Elias Pettersson Jake Guentzel Brayden Point Jack Eichel
Last Minutes Defensive
Center Left Wing Right Wing Defense Defense
Elias Lindholm Logan O'Connor Robert Thomas Jake Sanderson Colton Parayko
Goaltenders
Starting : Connor Hellebuyck
Backup : Scott Wedgewood
Extra Forwards
Normal : Brandon Hagel, Mark Stone, Alex Tuch - PP : Brandon Hagel, Dakota Joshua - PK : Robert Thomas
Extra Defensemen
Normal : Jake Sanderson, Mikhail Sergachev, Colton Parayko - PP : Mikhail Sergachev - PK : Jaccob Slavin, Nick Leddy
Penalty Shots
Elias Pettersson, Jack Eichel, Alex Tuch, Robert Thomas, Jake Guentzel
Scratches
Jack Roslovic (Healthy), Adam Pelech (Healthy)
% Time on Ice - Pittsburgh Penguins
Lines # - Real PCT - Wanted PCT - Time Play
Normal Forward
1 - 29% - 30% - 14:08
2 - 29% - 30% - 14:03
3 - 26% - 25% - 12:51
4 - 16% - 15% - 7:33
Normal Defense
1 - 36% - 35% - 17:41
2 - 34% - 35% - 16:36
3 - 29% - 30% - 14:18
4 - 0% - 0% - 0:00
PP Forward
1 - 52% - 50% - 3:07
2 - 48% - 50% - 2:50
PP Defense
1 - 59% - 50% - 3:32
2 - 41% - 50% - 2:25
PK Forward
1 - 52% - 50% - 2:34
2 - 48% - 50% - 2:24
PK Defense
1 - 67% - 50% - 3:19
2 - 33% - 50% - 1:39
PK3 Forward
1 - 0% - 50%
2 - 0% - 50%
PK3 Defense
1 - 0% - 50%
2 - 0% - 50%
44 Forward
1 - 0% - 50%
2 - 0% - 50%
44 Defense
1 - 0% - 50%
2 - 0% - 50%
Last Minute Offensive - 0:30
Last Minute Defensive - 0:00
Total
Forward - 60:00
Defense - 60:00
|
% Time on Ice - St.Louis Blues
Lines # - Real PCT - Wanted PCT - Time Play
Normal Forward
1 - 38% - 40% - 18:24
2 - 30% - 31% - 14:23
3 - 23% - 22% - 11:02
4 - 10% - 7% - 4:46
Normal Defense
1 - 46% - 45% - 22:07
2 - 35% - 35% - 17:04
3 - 19% - 20% - 9:24
4 - 0% - 0% - 0:00
PP Forward
1 - 52% - 60% - 2:36
2 - 48% - 40% - 2:22
PP Defense
1 - 77% - 60% - 3:48
2 - 23% - 40% - 1:10
PK Forward
1 - 48% - 50% - 2:50
2 - 52% - 50% - 3:07
PK Defense
1 - 48% - 50% - 2:51
2 - 52% - 50% - 3:06
PK3 Forward
1 - 0% - 50%
2 - 0% - 50%
PK3 Defense
1 - 0% - 50%
2 - 0% - 50%
44 Forward
1 - 0% - 50%
2 - 0% - 50%
44 Defense
1 - 0% - 50%
2 - 0% - 50%
Last Minute Offensive - 0:00
Last Minute Defensive - 0:30
Total
Forward - 60:00
Defense - 60:00
|
Play-by-Play
1st period
0:01 of 1st period - Jack Eichel wins face-off versus Leon Draisaitl in neutral zone.
0:15 of 1st period - Minor Penalty to Leon Draisaitl for Tripping.
0:16 of 1st period - Adam Gaudette wins face-off versus Robert Thomas in Pittsburgh Penguins zone.
0:22 of 1st period - Slapshot by Jack Eichel.
0:22 of 1st period - Deflect By Robert Thomas.
0:22 of 1st period - Stopped by Jordan Binnington with a rebound.
0:24 of 1st period - Slapshot by Jack Eichel.
0:24 of 1st period - Shot Misses the Net.
0:26 of 1st period - Wrist shot by Jake Guentzel.
0:26 of 1st period - Shot Misses the Net.
0:28 of 1st period - Snap shot by Brayden Point.
0:28 of 1st period - Shot Misses the Net.
0:30 of 1st period - Backhand shot by Robert Thomas.
0:30 of 1st period - Shot Misses the Net.
0:42 of 1st period - Brandon Hagel is hit by Pavel Buchnevich and loses puck.
1:09 of 1st period - Off-side.
1:10 of 1st period - Robert Thomas wins face-off versus Sam Reinhart in neutral zone.
1:17 of 1st period - Snap shot by Brayden Point.
1:17 of 1st period - Stopped by Jordan Binnington without a rebound.
1:18 of 1st period - Robert Thomas wins face-off versus Mitchell Marner in Pittsburgh Penguins zone.
1:39 of 1st period - Wrist shot by Robert Thomas.
1:39 of 1st period - Stopped by Jordan Binnington without a rebound.
1:40 of 1st period - Elias Lindholm wins face-off versus Adam Gaudette in Pittsburgh Penguins zone.
2:07 of 1st period - Robert Thomas is hit by Pavel Buchnevich.
2:13 of 1st period - Snap shot by Mitchell Marner.
2:13 of 1st period - Stopped by Connor Hellebuyck with a rebound.
2:15 of 1st period - Penalty to Leon Draisaitl is over, Leon Draisaitl is back on ice.
2:15 of 1st period - Slapshot by Erik Karlsson.
2:15 of 1st period - Shot Misses the Net.
2:17 of 1st period - Snap shot by Leon Draisaitl.
2:17 of 1st period - Shot Misses the Net.
2:19 of 1st period - Snap shot by Pavel Buchnevich.
2:19 of 1st period - Goal by Pavel Buchnevich - Pittsburgh Penguins : 1 - St.Louis Blues : 0.
2:20 of 1st period - Phillip Danault wins face-off versus Robert Thomas in neutral zone.
3:12 of 1st period - Brock Faber is hit by Alex Tuch and loses puck.
4:00 of 1st period - Icing by Brock Faber.
4:01 of 1st period - Jack Eichel wins face-off versus Phillip Danault in Pittsburgh Penguins zone.
4:28 of 1st period - Brock Faber is hit by Robert Thomas.
4:56 of 1st period - Snap shot by Elias Lindholm.
4:56 of 1st period - Stopped by Jordan Binnington with a rebound.
4:58 of 1st period - Slapshot by Nick Leddy.
4:58 of 1st period - Deflect By Sam Reinhart.
4:58 of 1st period - Stopped by Jordan Binnington without a rebound.
4:59 of 1st period - Jack Eichel wins face-off versus Adam Gaudette in Pittsburgh Penguins zone.
5:37 of 1st period - Snap shot by Brayden Point.
5:37 of 1st period - Stopped by Jordan Binnington with a rebound.
5:47 of 1st period - Colton Parayko is hit by Mattias Ekholm.
5:51 of 1st period - Mitchell Marner is hit by Alex Pietrangelo and loses puck.
6:22 of 1st period - Wrist shot by Gabriel Vilardi.
6:22 of 1st period - Deflect By Jake Neighbours.
6:22 of 1st period - Shot Blocked by Lars Eller.
6:22 of 1st period - Puck is out of play.
6:23 of 1st period - Leon Draisaitl wins face-off versus Jack Eichel in St.Louis Blues zone.
6:50 of 1st period - Brandon Hagel is hit by Adam Gaudette and loses puck.
7:11 of 1st period - Alex Tuch is hit by Mitchell Marner and loses puck.
7:16 of 1st period - Snap shot by Mitchell Marner.
7:16 of 1st period - Shot Misses the Net.
7:18 of 1st period - Snap shot by Blake Coleman.
7:18 of 1st period - Shot Blocked by Alex Pietrangelo.
7:20 of 1st period - Slapshot by Mark Giordano.
7:20 of 1st period - Stopped by Connor Hellebuyck without a rebound.
7:21 of 1st period - Jack Eichel wins face-off versus Leon Draisaitl in St.Louis Blues zone.
8:15 of 1st period - Off-side.
8:16 of 1st period - Jack Eichel wins face-off versus James van Riemsdyk in neutral zone.
8:24 of 1st period - Snap shot by Jack Eichel.
8:24 of 1st period - Stopped by Jordan Binnington with a rebound.
8:26 of 1st period - Snap shot by Colton Parayko.
8:26 of 1st period - Deflect By Jack Eichel.
8:26 of 1st period - Stopped by Jordan Binnington with a rebound.
8:28 of 1st period - Wrist shot by Jack Eichel.
8:28 of 1st period - Stopped by Jordan Binnington with a rebound.
8:30 of 1st period - Slapshot by Jake Guentzel.
8:30 of 1st period - Shot Misses the Net.
8:32 of 1st period - Wrist shot by Elias Pettersson.
8:32 of 1st period - Shot Blocked by Jake Neighbours.
9:08 of 1st period - Colton Parayko is hit by Mattias Ekholm and loses puck.
9:15 of 1st period - Blake Coleman is hit by Alex Pietrangelo.
10:02 of 1st period - Snap shot by Dylan Guenther.
10:02 of 1st period - Stopped by Connor Hellebuyck without a rebound.
10:03 of 1st period - Leon Draisaitl wins face-off versus Robert Thomas in St.Louis Blues zone.
10:08 of 1st period - Snap shot by Leon Draisaitl.
10:08 of 1st period - Deflect By Sam Reinhart.
10:08 of 1st period - Stopped by Connor Hellebuyck with a rebound.
10:20 of 1st period - Slapshot by Robert Thomas.
10:20 of 1st period - Shot Blocked by Mark Giordano.
10:39 of 1st period - Wrist shot by Jack Eichel.
10:39 of 1st period - Shot Blocked by Erik Gudbranson.
10:53 of 1st period - Elias Lindholm is hit by Erik Gudbranson and loses puck.
11:24 of 1st period - Nick Leddy is hit by Mitchell Marner and loses puck.
11:41 of 1st period - Mikhail Sergachev is hit by Sam Reinhart and loses puck.
12:06 of 1st period - Elias Lindholm is hit by Adam Gaudette and loses puck.
12:21 of 1st period - Backhand shot by Dakota Joshua.
12:21 of 1st period - Stopped by Jordan Binnington with a rebound.
12:23 of 1st period - Wrist shot by Logan O'Connor.
12:23 of 1st period - Shot Misses the Net.
12:25 of 1st period - Slapshot by Logan O'Connor.
12:25 of 1st period - Shot Misses the Net.
12:27 of 1st period - Slapshot by Dakota Joshua.
12:27 of 1st period - Stopped by Jordan Binnington without a rebound.
12:28 of 1st period - Leon Draisaitl wins face-off versus Jack Eichel in Pittsburgh Penguins zone.
12:33 of 1st period - Alex Pietrangelo is hit by Pavel Buchnevich and loses puck.
12:42 of 1st period - Wrist shot by Jake Guentzel.
12:42 of 1st period - Stopped by Jordan Binnington with a rebound.
12:44 of 1st period - Slapshot by Alex Pietrangelo.
12:44 of 1st period - Stopped by Jordan Binnington with a rebound.
13:11 of 1st period - Mitchell Marner is hit by Brandon Hagel and loses puck.
13:49 of 1st period - Slapshot by Dakota Joshua.
13:49 of 1st period - Stopped by Jordan Binnington with a rebound.
13:51 of 1st period - Snap shot by Dakota Joshua.
13:51 of 1st period - Goal by Dakota Joshua - Pittsburgh Penguins : 1 - St.Louis Blues : 1.
13:52 of 1st period - Leon Draisaitl wins face-off versus Jack Eichel in neutral zone.
14:38 of 1st period - Snap shot by Dylan Guenther.
14:38 of 1st period - Stopped by Connor Hellebuyck without a rebound.
14:39 of 1st period - Elias Lindholm wins face-off versus Adam Gaudette in St.Louis Blues zone.
15:26 of 1st period - Snap shot by Adam Gaudette.
15:26 of 1st period - Shot Blocked by Alex Tuch.
15:44 of 1st period - Wrist shot by Adam Gaudette.
15:44 of 1st period - Stopped by Connor Hellebuyck without a rebound.
15:45 of 1st period - Leon Draisaitl wins face-off versus Jack Eichel in St.Louis Blues zone.
15:48 of 1st period - Snap shot by Sam Reinhart.
15:48 of 1st period - Shot Misses the Net.
16:12 of 1st period - Brandon Hagel is hit by Blake Coleman.
17:04 of 1st period - Minor Penalty to Jake Guentzel for Holding.
17:05 of 1st period - Leon Draisaitl wins face-off versus Lars Eller in St.Louis Blues zone.
17:57 of 1st period - Snap shot by Alex Tuch.
17:57 of 1st period - Stopped by Jordan Binnington without a rebound.
17:58 of 1st period - Pavel Buchnevich wins face-off versus Elias Lindholm in Pittsburgh Penguins zone.
18:42 of 1st period - Snap shot by Elias Lindholm.
18:42 of 1st period - Stopped by Jordan Binnington without a rebound.
18:43 of 1st period - Leon Draisaitl wins face-off versus Elias Lindholm in Pittsburgh Penguins zone.
18:50 of 1st period - Elias Lindholm is hit by Mattias Ekholm and loses puck.
19:04 of 1st period - Penalty to Jake Guentzel is over, Jake Guentzel is back on ice.
Goals for this period are 1 for Pittsburgh Penguins vs 1 for St.Louis Blues.
Shots for this period are 7 for Pittsburgh Penguins vs 17 for St.Louis Blues.
2nd period
0:01 of 2nd period - Jack Eichel wins face-off versus Leon Draisaitl in neutral zone.
0:14 of 2nd period - Sam Reinhart is hit by Colton Parayko and loses puck.
1:00 of 2nd period - Wrist shot by Alex Tuch.
1:00 of 2nd period - Shot Blocked by Carson Soucy.
2:48 of 2nd period - Snap shot by Elias Pettersson.
2:48 of 2nd period - Stopped by Jordan Binnington with a rebound.
3:04 of 2nd period - Wrist shot by Jake Guentzel.
3:04 of 2nd period - Stopped by Jordan Binnington without a rebound.
3:05 of 2nd period - Robert Thomas wins face-off versus Phillip Danault in Pittsburgh Penguins zone.
3:20 of 2nd period - Snap shot by Brayden Point.
3:20 of 2nd period - Stopped by Jordan Binnington without a rebound.
3:21 of 2nd period - Leon Draisaitl wins face-off versus Jack Eichel in Pittsburgh Penguins zone.
3:26 of 2nd period - Slapshot by Leon Draisaitl.
3:26 of 2nd period - Shot Misses the Net.
4:12 of 2nd period - Jaccob Slavin is hit by Gabriel Vilardi and loses puck.
4:23 of 2nd period - Snap shot by Gabriel Vilardi.
4:23 of 2nd period - Goal by Gabriel Vilardi - Pittsburgh Penguins : 2 - St.Louis Blues : 1.
4:24 of 2nd period - Jack Eichel wins face-off versus Leon Draisaitl in neutral zone.
5:37 of 2nd period - Wrist shot by Leon Draisaitl.
5:37 of 2nd period - Stopped by Connor Hellebuyck with a rebound.
5:56 of 2nd period - Slapshot by Mark Stone.
5:56 of 2nd period - Stopped by Jordan Binnington with a rebound.
6:08 of 2nd period - Snap shot by Elias Lindholm.
6:08 of 2nd period - Shot Misses the Net.
6:10 of 2nd period - Snap shot by Mark Stone.
6:10 of 2nd period - Deflect By Elias Lindholm.
6:10 of 2nd period - Goal by Elias Lindholm - Pittsburgh Penguins : 2 - St.Louis Blues : 2.
6:11 of 2nd period - Jack Eichel wins face-off versus Phillip Danault in neutral zone.
6:16 of 2nd period - Snap shot by Jack Eichel.
6:16 of 2nd period - Shot Misses the Net.
6:18 of 2nd period - Backhand shot by Jack Eichel.
6:18 of 2nd period - Deflect By Elias Pettersson.
6:18 of 2nd period - Shot Blocked by Erik Gudbranson.
6:18 of 2nd period - Puck is out of play.
6:19 of 2nd period - Jack Eichel wins face-off versus Phillip Danault in Pittsburgh Penguins zone.
7:10 of 2nd period - Snap shot by Elias Pettersson.
7:10 of 2nd period - Stopped by Jordan Binnington without a rebound.
7:11 of 2nd period - Leon Draisaitl wins face-off versus Robert Thomas in Pittsburgh Penguins zone.
7:18 of 2nd period - Erik Karlsson is hit by Brandon Hagel and loses puck.
7:37 of 2nd period - Alex Tuch is hit by Jake Neighbours and loses puck.
7:48 of 2nd period - Snap shot by Mark Stone.
7:48 of 2nd period - Shot Misses the Net.
8:35 of 2nd period - Off-side.
8:36 of 2nd period - Phillip Danault wins face-off versus Jack Eichel in neutral zone.
8:53 of 2nd period - Wrist shot by Elias Pettersson.
8:53 of 2nd period - Shot Misses the Net.
9:03 of 2nd period - Snap shot by Robert Thomas.
9:03 of 2nd period - Shot Misses the Net.
9:07 of 2nd period - Snap shot by Robert Thomas.
9:07 of 2nd period - Stopped by Jordan Binnington without a rebound.
9:08 of 2nd period - Robert Thomas wins face-off versus Leon Draisaitl in Pittsburgh Penguins zone.
9:43 of 2nd period - Slapshot by Mitchell Marner.
9:43 of 2nd period - Shot Misses the Net.
9:56 of 2nd period - Icing by Phillip Danault.
9:57 of 2nd period - Elias Lindholm wins face-off versus Mitchell Marner in Pittsburgh Penguins zone.
10:14 of 2nd period - Slapshot by Mark Stone.
10:14 of 2nd period - Shot Misses the Net.
11:00 of 2nd period - Minor Penalty to Erik Gudbranson for Slashing.
11:01 of 2nd period - Leon Draisaitl wins face-off versus Jake Guentzel in Pittsburgh Penguins zone.
11:14 of 2nd period - Wrist shot by Pavel Buchnevich.
11:14 of 2nd period - Shot Misses the Net.
11:16 of 2nd period - Snap shot by Mitchell Marner.
11:16 of 2nd period - Shot Misses the Net.
12:00 of 2nd period - Wrist shot by Mark Stone.
12:00 of 2nd period - Goal by Mark Stone - Pittsburgh Penguins : 2 - St.Louis Blues : 3.
12:01 of 2nd period - Leon Draisaitl wins face-off versus Robert Thomas in neutral zone.
12:19 of 2nd period - Icing by Mark Giordano.
12:20 of 2nd period - Leon Draisaitl wins face-off versus Jack Eichel in Pittsburgh Penguins zone.
12:29 of 2nd period - Snap shot by Sam Reinhart.
12:29 of 2nd period - Stopped by Connor Hellebuyck with a rebound.
12:31 of 2nd period - Wrist shot by Leon Draisaitl.
12:31 of 2nd period - Shot Misses the Net.
12:33 of 2nd period - Slapshot by Mark Giordano.
12:33 of 2nd period - Shot Misses the Net.
12:35 of 2nd period - Snap shot by Leon Draisaitl.
12:35 of 2nd period - Stopped by Connor Hellebuyck with a rebound.
12:37 of 2nd period - Wrist shot by Sam Reinhart.
12:37 of 2nd period - Stopped by Connor Hellebuyck with a rebound.
12:39 of 2nd period - Snap shot by Pavel Buchnevich.
12:39 of 2nd period - Stopped by Connor Hellebuyck without a rebound.
12:40 of 2nd period - Robert Thomas wins face-off versus Adam Gaudette in St.Louis Blues zone.
12:51 of 2nd period - Wrist shot by Dylan Guenther.
12:51 of 2nd period - Shot Misses the Net.
12:53 of 2nd period - Slapshot by Adam Gaudette.
12:53 of 2nd period - Deflect By Brayden Point.
12:53 of 2nd period - Stopped by Connor Hellebuyck with a rebound.
12:55 of 2nd period - Wrist shot by Adam Gaudette.
12:55 of 2nd period - Shot Misses the Net.
13:05 of 2nd period - Erik Karlsson is hit by Jake Guentzel and loses puck.
13:12 of 2nd period - Slapshot by Elias Pettersson.
13:12 of 2nd period - Stopped by Jordan Binnington without a rebound.
13:13 of 2nd period - Gabriel Vilardi wins face-off versus Jack Eichel in Pittsburgh Penguins zone.
13:13 of 2nd period - Gabriel Vilardi is hit by Jake Guentzel.
13:52 of 2nd period - Snap shot by Jack Eichel.
13:52 of 2nd period - Stopped by Jordan Binnington without a rebound.
13:53 of 2nd period - Robert Thomas wins face-off versus Adam Gaudette in Pittsburgh Penguins zone.
14:19 of 2nd period - Icing by Brandon Hagel.
14:20 of 2nd period - Leon Draisaitl wins face-off versus Robert Thomas in St.Louis Blues zone.
14:25 of 2nd period - Snap shot by Sam Reinhart.
14:25 of 2nd period - Stopped by Connor Hellebuyck with a rebound.
15:08 of 2nd period - Wrist shot by Elias Pettersson.
15:08 of 2nd period - Shot Hit the Post.
15:10 of 2nd period - Wrist shot by Jake Guentzel.
15:10 of 2nd period - Stopped by Jordan Binnington with a rebound.
15:12 of 2nd period - Snap shot by Elias Pettersson.
15:12 of 2nd period - Shot Blocked by Gabriel Vilardi.
15:14 of 2nd period - Wrist shot by Jack Eichel.
15:14 of 2nd period - Shot Misses the Net.
15:38 of 2nd period - Slapshot by Leon Draisaitl.
15:38 of 2nd period - Shot Misses the Net.
15:52 of 2nd period - Snap shot by Dylan Guenther.
15:52 of 2nd period - Shot Blocked by Lars Eller.
15:54 of 2nd period - Wrist shot by Jordan Eberle.
15:54 of 2nd period - Shot Blocked by Jaccob Slavin.
15:56 of 2nd period - Slapshot by Dylan Guenther.
15:56 of 2nd period - Stopped by Connor Hellebuyck with a rebound.
15:58 of 2nd period - Wrist shot by Adam Gaudette.
15:58 of 2nd period - Shot Blocked by Dakota Joshua.
16:00 of 2nd period - Backhand shot by Dylan Guenther.
16:00 of 2nd period - Shot Misses the Net.
16:51 of 2nd period - Wrist shot by Jake Guentzel.
16:51 of 2nd period - Deflect By Jack Eichel.
16:51 of 2nd period - Shot Misses the Net.
16:51 of 2nd period - Puck is out of play.
16:52 of 2nd period - Robert Thomas wins face-off versus Leon Draisaitl in Pittsburgh Penguins zone.
17:43 of 2nd period - Dakota Joshua is hit by Carson Soucy and loses puck.
18:00 of 2nd period - Snap shot by Elias Pettersson.
18:00 of 2nd period - Shot Blocked by Mark Giordano.
18:02 of 2nd period - Slapshot by Elias Pettersson.
18:02 of 2nd period - Stopped by Jordan Binnington without a rebound.
18:03 of 2nd period - Jack Eichel wins face-off versus Gabriel Vilardi in Pittsburgh Penguins zone.
18:30 of 2nd period - Wrist shot by Jake Guentzel.
18:30 of 2nd period - Shot Misses the Net.
18:40 of 2nd period - Snap shot by Gabriel Vilardi.
18:40 of 2nd period - Deflect By James van Riemsdyk.
18:40 of 2nd period - Shot Misses the Net.
18:40 of 2nd period - Puck is out of play.
18:41 of 2nd period - Robert Thomas wins face-off versus Leon Draisaitl in St.Louis Blues zone.
18:56 of 2nd period - Snap shot by Sam Reinhart.
18:56 of 2nd period - Stopped by Connor Hellebuyck without a rebound.
18:57 of 2nd period - Elias Lindholm wins face-off versus Phillip Danault in St.Louis Blues zone.
18:57 of 2nd period - Elias Lindholm is hit by Mitchell Marner.
19:30 of 2nd period - Snap shot by Jordan Eberle.
19:30 of 2nd period - Shot Misses the Net.
19:32 of 2nd period - Slapshot by Mark Giordano.
19:32 of 2nd period - Stopped by Connor Hellebuyck without a rebound.
19:33 of 2nd period - Leon Draisaitl wins face-off versus Robert Thomas in St.Louis Blues zone.
19:46 of 2nd period - Wrist shot by Pavel Buchnevich.
19:46 of 2nd period - Shot Misses the Net.
19:50 of 2nd period - Wrist shot by Leon Draisaitl.
19:50 of 2nd period - Deflect By Robert Thomas.
19:50 of 2nd period - Stopped by Connor Hellebuyck with a rebound.
Goals for this period are 1 for Pittsburgh Penguins vs 2 for St.Louis Blues.
Shots for this period are 12 for Pittsburgh Penguins vs 12 for St.Louis Blues.
3rd period
0:01 of 3rd period - Phillip Danault wins face-off versus Jack Eichel in neutral zone.
0:32 of 3rd period - Wrist shot by Dylan Guenther.
0:32 of 3rd period - Stopped by Connor Hellebuyck without a rebound.
0:33 of 3rd period - Dylan Guenther wins face-off versus Jack Eichel in St.Louis Blues zone.
0:38 of 3rd period - Slapshot by Erik Karlsson.
0:38 of 3rd period - Shot Misses the Net.
0:40 of 3rd period - Snap shot by Dylan Guenther.
0:40 of 3rd period - Shot Misses the Net.
0:42 of 3rd period - Snap shot by Dylan Guenther.
0:42 of 3rd period - Deflect By Jordan Eberle.
0:42 of 3rd period - Shot Blocked by Jaccob Slavin.
0:42 of 3rd period - Puck is out of play.
0:43 of 3rd period - Elias Pettersson wins face-off versus Leon Draisaitl in St.Louis Blues zone.
0:43 of 3rd period - Elias Pettersson is hit by Pavel Buchnevich.
1:35 of 3rd period - Mark Stone is hit by Dylan Guenther and loses puck.
1:40 of 3rd period - Snap shot by Dylan Guenther.
1:40 of 3rd period - Stopped by Connor Hellebuyck with a rebound.
1:42 of 3rd period - Wrist shot by Adam Gaudette.
1:42 of 3rd period - Shot Misses the Net.
1:44 of 3rd period - Slapshot by Erik Gudbranson.
1:44 of 3rd period - Stopped by Connor Hellebuyck with a rebound.
1:46 of 3rd period - Wrist shot by Dylan Guenther.
1:46 of 3rd period - Shot Blocked by Elias Lindholm.
1:52 of 3rd period - Minor Penalty to Alex Pietrangelo for Slashing.
1:53 of 3rd period - Phillip Danault wins face-off versus Lars Eller in St.Louis Blues zone.
3:52 of 3rd period - Penalty to Alex Pietrangelo is over, Alex Pietrangelo is back on ice.
4:05 of 3rd period - Dylan Guenther is hit by Jack Eichel.
4:10 of 3rd period - Icing by Erik Karlsson.
4:11 of 3rd period - Robert Thomas wins face-off versus Adam Gaudette in Pittsburgh Penguins zone.
4:32 of 3rd period - Snap shot by Dylan Guenther.
4:32 of 3rd period - Shot Misses the Net.
4:34 of 3rd period - Slapshot by Mattias Ekholm.
4:34 of 3rd period - Shot Misses the Net.
4:36 of 3rd period - Wrist shot by Dylan Guenther.
4:36 of 3rd period - Stopped by Connor Hellebuyck with a rebound.
4:38 of 3rd period - Slapshot by Erik Karlsson.
4:38 of 3rd period - Goal by Erik Karlsson - Pittsburgh Penguins : 3 - St.Louis Blues : 3.
4:39 of 3rd period - Leon Draisaitl wins face-off versus Jake Guentzel in neutral zone.
4:48 of 3rd period - Snap shot by Jake Guentzel.
4:48 of 3rd period - Stopped by Jordan Binnington with a rebound.
5:20 of 3rd period - Snap shot by Brayden Point.
5:20 of 3rd period - Deflect By Robert Thomas.
5:20 of 3rd period - Shot Blocked by Carson Soucy.
5:20 of 3rd period - Puck is out of play.
5:21 of 3rd period - Adam Gaudette wins face-off versus Elias Lindholm in Pittsburgh Penguins zone.
5:30 of 3rd period - Slapshot by Elias Lindholm.
5:30 of 3rd period - Shot Blocked by Brock Faber.
5:48 of 3rd period - Jordan Eberle is hit by Brayden Point and loses puck.
6:36 of 3rd period - Off-side.
6:37 of 3rd period - Lars Eller wins face-off versus Phillip Danault in neutral zone.
6:42 of 3rd period - Mitchell Marner is hit by Dakota Joshua and loses puck.
7:09 of 3rd period - Slapshot by Alex Pietrangelo.
7:09 of 3rd period - Stopped by Jordan Binnington without a rebound.
7:10 of 3rd period - Leon Draisaitl wins face-off versus Jack Eichel in Pittsburgh Penguins zone.
7:20 of 3rd period - Minor Penalty to Mattias Ekholm for Interference.
7:21 of 3rd period - Robert Thomas wins face-off versus Mitchell Marner in Pittsburgh Penguins zone.
7:42 of 3rd period - Slapshot by Leon Draisaitl.
7:42 of 3rd period - Shot Misses the Net.
7:44 of 3rd period - Backhand shot by Erik Gudbranson.
7:44 of 3rd period - Stopped by Connor Hellebuyck without a rebound.
7:45 of 3rd period - Mitchell Marner wins face-off versus Brandon Hagel in St.Louis Blues zone.
7:52 of 3rd period - Snap shot by Pavel Buchnevich.
7:52 of 3rd period - Stopped by Connor Hellebuyck with a rebound.
7:56 of 3rd period - Snap shot by Pavel Buchnevich.
7:56 of 3rd period - Shot Misses the Net.
7:58 of 3rd period - Snap shot by Mitchell Marner.
7:58 of 3rd period - Stopped by Connor Hellebuyck with a rebound.
8:00 of 3rd period - Slapshot by Erik Karlsson.
8:00 of 3rd period - Shot Blocked by Jack Eichel.
8:02 of 3rd period - Slapshot by Mitchell Marner.
8:02 of 3rd period - Shot Blocked by Elias Lindholm.
8:12 of 3rd period - Sam Reinhart is hit by Jake Guentzel and loses puck.
8:21 of 3rd period - Jake Guentzel is hit by Leon Draisaitl and loses puck.
9:20 of 3rd period - Penalty to Mattias Ekholm is over, Mattias Ekholm is back on ice.
9:35 of 3rd period - Wrist shot by Gabriel Vilardi.
9:35 of 3rd period - Stopped by Connor Hellebuyck with a rebound.
10:36 of 3rd period - Off-side.
10:37 of 3rd period - Leon Draisaitl wins face-off versus Robert Thomas in neutral zone.
11:02 of 3rd period - Jaccob Slavin is hit by Erik Karlsson and loses puck.
11:07 of 3rd period - Slapshot by Jordan Eberle.
11:07 of 3rd period - Shot Misses the Net.
11:09 of 3rd period - Snap shot by Jordan Eberle.
11:09 of 3rd period - Stopped by Connor Hellebuyck with a rebound.
11:11 of 3rd period - Snap shot by Dylan Guenther.
11:11 of 3rd period - Shot Misses the Net.
11:13 of 3rd period - Wrist shot by Mark Giordano.
11:13 of 3rd period - Deflect By Dylan Guenther.
11:13 of 3rd period - Shot Misses the Net.
11:13 of 3rd period - Puck is out of play.
11:14 of 3rd period - Jack Eichel wins face-off versus Phillip Danault in St.Louis Blues zone.
11:43 of 3rd period - Snap shot by Dakota Joshua.
11:43 of 3rd period - Stopped by Jordan Binnington without a rebound.
11:44 of 3rd period - Robert Thomas wins face-off versus Leon Draisaitl in Pittsburgh Penguins zone.
12:11 of 3rd period - Mikhail Sergachev is hit by Blake Coleman and loses puck.
12:22 of 3rd period - Snap shot by Jake Guentzel.
12:22 of 3rd period - Shot Blocked by Mattias Ekholm.
12:38 of 3rd period - Snap shot by Elias Lindholm.
12:38 of 3rd period - Stopped by Jordan Binnington with a rebound.
12:40 of 3rd period - Slapshot by Elias Lindholm.
12:40 of 3rd period - Goal by Elias Lindholm - Pittsburgh Penguins : 3 - St.Louis Blues : 4.
12:41 of 3rd period - Elias Pettersson wins face-off versus Leon Draisaitl in neutral zone.
13:21 of 3rd period - Snap shot by Brayden Point.
13:21 of 3rd period - Deflect By Mitchell Marner.
13:21 of 3rd period - Shot Blocked by Mitchell Marner.
13:21 of 3rd period - Puck is out of play.
13:22 of 3rd period - Elias Lindholm wins face-off versus Phillip Danault in Pittsburgh Penguins zone.
13:25 of 3rd period - Snap shot by Alex Tuch.
13:25 of 3rd period - Shot Misses the Net.
13:35 of 3rd period - Snap shot by Phillip Danault.
13:35 of 3rd period - Shot Misses the Net.
13:37 of 3rd period - Snap shot by Blake Coleman.
13:37 of 3rd period - Stopped by Connor Hellebuyck with a rebound.
13:39 of 3rd period - Slapshot by Erik Karlsson.
13:39 of 3rd period - Stopped by Connor Hellebuyck without a rebound.
13:40 of 3rd period - Leon Draisaitl wins face-off versus Jack Eichel in St.Louis Blues zone.
14:39 of 3rd period - Slapshot by Brock Faber.
14:39 of 3rd period - Shot Misses the Net.
14:41 of 3rd period - Snap shot by Adam Gaudette.
14:41 of 3rd period - Stopped by Connor Hellebuyck without a rebound.
14:42 of 3rd period - Sam Reinhart wins face-off versus Jack Eichel in St.Louis Blues zone.
14:58 of 3rd period - Minor Penalty to Jake Guentzel for High sticking.
14:59 of 3rd period - Lars Eller wins face-off versus Phillip Danault in St.Louis Blues zone.
15:08 of 3rd period - Snap shot by Phillip Danault.
15:08 of 3rd period - Shot Blocked by Alex Tuch.
15:12 of 3rd period - Snap shot by Blake Coleman.
15:12 of 3rd period - Deflect By Elias Lindholm.
15:12 of 3rd period - Shot Misses the Net.
15:12 of 3rd period - Puck is out of play.
15:13 of 3rd period - Leon Draisaitl wins face-off versus Logan O'Connor in St.Louis Blues zone.
15:18 of 3rd period - Snap shot by Leon Draisaitl.
15:18 of 3rd period - Shot Blocked by Nick Leddy.
16:58 of 3rd period - Penalty to Jake Guentzel is over, Jake Guentzel is back on ice.
17:09 of 3rd period - Robert Thomas is hit by Erik Karlsson and loses puck.
17:33 of 3rd period - Icing by Gabriel Vilardi.
17:34 of 3rd period - Jack Eichel wins face-off versus Gabriel Vilardi in Pittsburgh Penguins zone.
18:06 of 3rd period - Backhand shot by Erik Karlsson.
18:06 of 3rd period - Stopped by Connor Hellebuyck with a rebound.
18:38 of 3rd period - Snap shot by Jake Guentzel.
18:38 of 3rd period - Stopped by Jordan Binnington without a rebound.
18:39 of 3rd period - Adam Gaudette wins face-off versus Alex Tuch in Pittsburgh Penguins zone.
18:44 of 3rd period - Pittsburgh Penguins, Jordan Binnington is pulled from the net.
18:46 of 3rd period - Wrist shot by Jordan Eberle.
18:46 of 3rd period - Stopped by Connor Hellebuyck without a rebound.
18:47 of 3rd period - Peter DeBoer call a timeout for Pittsburgh Penguins.
18:47 of 3rd period - Alex Tuch wins face-off versus Adam Gaudette in St.Louis Blues zone.
19:23 of 3rd period - Wrist shot by Jordan Eberle.
19:23 of 3rd period - Shot Misses the Net.
19:25 of 3rd period - Snap shot by Adam Gaudette.
19:25 of 3rd period - Shot Hit the Post.
19:27 of 3rd period - Backhand shot by Mark Giordano.
19:27 of 3rd period - Shot Blocked by Alex Tuch.
19:29 of 3rd period - Snap shot by Adam Gaudette.
19:29 of 3rd period - Deflect By Dylan Guenther.
19:29 of 3rd period - Shot Misses the Net.
19:29 of 3rd period - Puck is out of play.
19:30 of 3rd period - Pavel Buchnevich wins face-off versus Elias Lindholm in St.Louis Blues zone.
19:33 of 3rd period - Snap shot by Leon Draisaitl.
19:33 of 3rd period - Stopped by Connor Hellebuyck without a rebound.
19:34 of 3rd period - Elias Lindholm wins face-off versus Leon Draisaitl in St.Louis Blues zone.
19:34 of 3rd period - Elias Lindholm is hit by Leon Draisaitl.
19:37 of 3rd period - Icing by Robert Thomas.
19:38 of 3rd period - Leon Draisaitl wins face-off versus Logan O'Connor in St.Louis Blues zone.
19:39 of 3rd period - Snap shot by Sam Reinhart.
19:39 of 3rd period - Stopped by Connor Hellebuyck without a rebound.
19:40 of 3rd period - Leon Draisaitl wins face-off versus Elias Lindholm in St.Louis Blues zone.
Goals for this period are 1 for Pittsburgh Penguins vs 1 for St.Louis Blues.
Shots for this period are 17 for Pittsburgh Penguins vs 6 for St.Louis Blues.
Back to the Top